 Dungeon Crawl Stone Soup version 0.28.0-49-g6dfe1f597d (webtiles) character file.

Game seed: 9804073498296839561

104 Cheops the Magician (level 4, -2/24 HPs)
             Began as a Deep Elf Earth Elementalist on May 17, 2022.
             Killed by nerve-wracking pain
             ... invoked by Grinder
              (12 damage)
             ... on level 3 of the Dungeon.
             The game lasted 00:07:17 (3694 turns).

Cheops the Magician (Deep Elf Earth Elementalist)   Turns: 3694, Time: 00:07:17

Health: -2/24      AC:  2    Str:  5    XL:     4   Next: 52%
Magic:  2/12       EV: 12    Int: 22    God:
Gold:   75         SH:  0    Dex: 15    Spells: 5/11 levels left

rFire   + . .      SeeInvis .   a - +0 dagger
rCold   . . .      Faith    .   (no shield)
rNeg    . . .      Spirit   .   b - +0 robe
rPois   .          Reflect  .   (no helmet)
rElec   .          Harm     .   (no cloak)
rCorr   .          Rampage  .   (no gloves)
Will    .....                   (no boots)
Stlth   ++........              (no amulet)
HPRegen 0.08/turn               d - ring of protection from fire
MPRegen 0.13/turn               (no ring)

@: very slightly contaminated
A: no striking features
a: no special abilities


You were on level 3 of the Dungeon.
You visited 1 branch of the dungeon, and saw 3 of its levels.

You collected 75 gold pieces.

Inventory:

Hand Weapons
 a - a +0 dagger (weapon)
Missiles
 c - 51 stones
Armour
 b - a +0 robe (worn)
 k - a +0 buckler
Jewellery
 d - a ring of protection from fire (left hand)
Scrolls
 e - a scroll of summoning {unknown}
 f - 3 scrolls of teleportation {unknown}
 g - 2 scrolls of vulnerability {unknown}
 h - a scroll of identify {unknown}
Potions
 i - 2 potions of flight {unknown}
 j - a potion of degeneration {unknown}
 l - a potion of cancellation {unknown}
 m - a potion of curing {unknown}


   Skills:
 - Level 1.0 Short Blades
 - Level 2.4 Dodging
 - Level 2.4 Stealth
 - Level 4.0 Spellcasting
 + Level 3.1 Conjurations
 - Level 1.1 Transmutations
 - Level 4.0 Earth Magic


You had 5 spell levels left.
You knew the following spells:

 Your Spells              Type           Power      Damage    Failure   Level
a - Sandblast             Erth           44%        2d11      2%          1
b - Stone Arrow           Conj/Erth      40%        3d9       8%          3
P - Passwall              Tmut/Erth      12%        N/A       6%          2

Your spell library contained the following spells:

 Spells                   Type           Power      Damage    Failure   Level
 Petrify                  Tmut/Erth      15%        N/A       36%         4


Dungeon Overview and Level Annotations

Branches:
Dungeon (3/15)

Altars:

Annotations:
D:3 Grinder


Message History

Aim: Grinder, carrying a wand of digging (9) (68% to hit)
The stone arrow hits Grinder!
Grinder is moderately wounded.
Grinder hits you.
You writhe in agony.
Casting: Stone Arrow (quite dangerous; 8% risk of failure)
Confirm with . or Enter, or press ? or * to list all spells.
The spell is quite dangerous to miscast (8% risk of failure)!
Continue anyway? [Y]es or [N]o only, please.
The spell is quite dangerous to miscast (8% risk of failure)!
Continue anyway?
Aiming: Stone Arrow (quite dangerous; 8% risk of failure)
Press: ? - help, Shift-Dir - straight line, f/p - Grinder
Aim: Grinder, carrying a wand of digging (9) (moderately wounded, 68% to hit)
You miscast Stone Arrow.
You are very lightly contaminated with residual magic.
Nothing appears to happen.
Grinder hits you.
You writhe in agony.
* * * LOW HITPOINT WARNING * * *
Casting: Stone Arrow (quite dangerous; 8% risk of failure)
Confirm with . or Enter, or press ? or * to list all spells.
The spell is quite dangerous to miscast (8% risk of failure)!
Continue anyway? [Y]es or [N]o only, please.
The spell is quite dangerous to miscast (8% risk of failure)!
Continue anyway?
Aiming: Stone Arrow (quite dangerous; 8% risk of failure)
Press: ? - help, Shift-Dir - straight line, f/p - Grinder
Aim: Grinder, carrying a wand of digging (9) (moderately wounded, 68% to hit)
The stone arrow misses Grinder.
Grinder barely misses you.
Casting: Stone Arrow (quite dangerous; 8% risk of failure)
Confirm with . or Enter, or press ? or * to list all spells.
You don't have enough magic to cast this spell.
Casting: Stone Arrow (quite dangerous; 8% risk of failure)
Confirm with . or Enter, or press ? or * to list all spells.
Aiming: Sandblast (safe; 2% risk of failure)
Press: ? - help, Shift-Dir - straight line, f/p - Grinder
Aim: Grinder, carrying a wand of digging (9) (moderately wounded, 78% to hit)
The blast of sand hits Grinder!
Grinder is heavily wounded.
c - 51 stones Grinder gestures at you.
Pain shoots through your body!
Ouch! That really hurt!
You die...

##...§...# ###### ##...).....
#....### #....≈≈≈§.. #......#
####...≈≈≈≈≈.. #......####
###.....≈≈...≈≈.
##........######...5...≈≈.>.≈≈.
#...............#.....≈≈...≈≈.
#..........#..5#####...≈≈≈≈≈..
##........#_#..@...#....≈≈≈...
#
#....###..#..##...##.........##
#.>................##.......##.
#...................###...# #..
#......########.......#####...#
###+##.########.########.##.
#..†..........#......#.#..
####'##########.####.#.#.##
#...........#...##.#.#.<#+#


You could see Grinder.

Vanquished Creatures
  Jessica (D:3)
  3 adders (D:2)
  3 dart slugs
  6 bats
  4 endoplasms
  13 giant cockroaches
  4 goblins
  A hobgoblin (D:1)
  3 kobolds
  A quokka (D:3)
  A ball python (D:2)
  A frilled lizard (D:2)
  A rat (D:1)
42 creatures vanquished.

Notes
Turn   | Place    | Note
-------+----------+-------------------------------------------
     0 | D:1      | Cheops the Deep Elf Earth Elementalist began the quest for
                  | the Orb.
     0 | D:1      | Reached XP level 1. HP: 10/10 MP: 6/6
  1478 | D:2      | Reached XP level 2. HP: 15/15 MP: 6/9
  1657 | D:2      | Reached XP level 3. HP: 3/19 MP: 0/10
  1953 | D:2      | Reached skill level 1 in Short Blades
  1957 | D:2      | Learned a level 3 spell: Stone Arrow
  2021 | D:2      | Reached skill level 1 in Conjurations
  3207 | D:2      | Learned a level 2 spell: Passwall
  3377 | D:3      | Reached XP level 4. HP: 24/24 MP: 8/12
  3603 | D:3      | Found a faded altar of an unknown god.
  3668 | D:3      | Noticed Jessica
  3671 | D:3      | Noticed Grinder
  3672 | D:3      | Killed Jessica
  3675 | D:3      | Paralysed by Grinder for 4 turns
  3694 | D:3      | Killed from afar by Grinder

Illustrated notes

Levels and vault maps discovered:
D:1:      beargit_arrival_greenhouse, layout_basic
D:2:      minmay_roachtagon, layout_loops_corners, roderic_roman_lattice,
          minmay_misc_feat_ornament
D:3:      layout_basic, general_overflow_altar, tgw_sif,
          chequers_ecumenical_altar_simple, uniq_grinder

Skill      XL: |  1  2  3  4 |
---------------+-------------+-----
Spellcasting   | 4 |  4.0
Earth Magic    | 4 |  4.0
Short Blades   | 1 |  1.0
Conjurations   | 2 3 |  3.1
Dodging        | |  2.4
Stealth        | |  2.4
Transmutations | |  1.1

Action                   |  1- 3 |  4- 6 || total
-------------------------+-------+-------++-------
Melee: Dagger            |   100 |       ||   100
       Unarmed           |    15 |       ||    15
       Punch             |     1 |       ||     1
 Cast: Sandblast         |    17 |     1 ||    18
       Stone Arrow       |    15 |     9 ||    24
 Stab: Sleeping          |     2 |       ||     2
       Distracted        |     1 |       ||     1
Armor: Robe              |    40 |       ||    40
Dodge: Dodged            |    99 |     1 ||   100
